 Dungeon Crawl Stone Soup version 0.32-a0-841-g4648e6c457 (webtiles) character file.

Game seed: 11353338840087482708

105 Maxmaps the Shooter (level 4, -10/33 HPs)
             Began as an Octopode Hunter on Mar 26, 2024.
             Killed from afar by Grinder (11 damage)
             ... with a puff of flame
             ... while paralysed by Grinder
             ... on level 3 of the Dungeon.
             The game lasted 00:01:54 (2017 turns).

Maxmaps the Shooter (Octopode Hunter)               Turns: 2017, Time: 00:01:54

Health: -10/33     AC:  1    Str: 10    XL:     4   Next: 83%
Magic:  4/4        EV:  2    Int: 13    God:
Gold:   159        SH:  0    Dex: 15    Spells: 3/3 levels left

rFire   . . .        a - +0 shortbow
rCold   . . .        (shield currently unavailable)
rNeg    + . .        (helmet restricted)
rPois   .            (no amulet)
rElec   .            d - ring of positive energy
rCorr   .            (no ring)
SInv    .            (no ring)
Will    .....        (no ring)
Stlth   +++          (no ring)
HPRegen 0.25/turn    (no ring)
MPRegen 0.09/turn    (no ring)
                     (no ring)

%: no passive effects
@: paralysed
A: almost no armour, amphibious, 8 rings, camouflage 1, gelatinous body 1,
(nimble swimmer 1), tentacles
a: no special abilities


You were on level 3 of the Dungeon.
You visited 1 branch of the dungeon, and saw 3 of its levels.

You collected 159 gold pieces.

Inventory:

Hand Weapons
 a - a +0 shortbow (weapon)
Jewellery
 d - a ring of positive energy (left tentacle)
 j - a +5 ring of evasion
Scrolls
 b - a scroll of butterflies
 c - 2 scrolls of identify {unknown}
 e - a scroll of amnesia {unknown}
 f - 2 scrolls of teleportation {unknown}
 g - a scroll of revelation {unknown}
 i - a scroll of fear {unknown}
Potions
 h - 2 potions of might {unknown}


   Skills:
 + Level 4.1 Fighting
 - Level 4.6 Ranged Weapons
 - Level 2.1 Dodging
 - Level 1.3 Stealth


You had 3 spell levels left.
You didn't know any spells.
Your spell library contained the following spells:

 Spells                   Type           Power      Damage    Failure   Level
 Tukima's Dance           Hex            0%         N/A       67%         3
 Dimensional Bullseye     Hex/Tloc       0%         N/A       97%         4
 Iskenderun's Mystic Bla  Conj/Tloc      0%         2d3       97%         4


Dungeon Overview and Level Annotations

Branches:
Dungeon (3/15)

Altars:
Dithmenos
Fedhas
Kikubaaqudgha
Sif Muna
Uskayaw
Xom
Yredelemnul

Annotations:
D:3 Grinder


Innate Abilities, Weirdness & Mutations

You cannot wear most types of armour.
You are amphibious.
You can wear up to eight rings at the same time.
Your skin changes colour to match your surroundings (Stealth+).
Your rubbery body absorbs attacks. (AC +1, EV +1)
((You are camouflaged when in or above water. (Stealth+)))
You have tentacles for arms and can constrict up to eight enemies at once.


Message History

Unknown command.
Fire: a) +0 shortbow
Press: ? - help, Shift-Dir - straight line, f/p - Grinder
Aim: Grinder, carrying a wand of flame (moderately wounded, 60% to hit)
You shoot an arrow. The arrow barely misses Grinder.
Fire: a) +0 shortbow
Press: ? - help, Shift-Dir - straight line, f/p - Grinder
Aim: Grinder, carrying a wand of flame (moderately wounded, 60% to hit)
You shoot an arrow. The arrow hits Grinder.
Grinder is heavily wounded.
You hear the rusting of a drain very nearby.
Grinder barely misses you.
Unknown command.
Fire: a) +0 shortbow
Press: ? - help, Shift-Dir - straight line, f/p - Grinder
Aim: Grinder, carrying a wand of flame (heavily wounded, 60% to hit)
You shoot an arrow. The arrow hits Grinder.
Grinder is heavily wounded.
Grinder closely misses you.
Unknown command.
Fire: a) +0 shortbow
Press: ? - help, Shift-Dir - straight line, f/p - Grinder
Aim: Grinder, carrying a wand of flame (heavily wounded, 60% to hit)
You shoot an arrow. The arrow hits Grinder!
Grinder is severely wounded.
Grinder zaps a wand.
The puff of flame hits you!
* * * LOW HITPOINT WARNING * * *
Fire: a) +0 shortbow
Press: ? - help, Shift-Dir - straight line, f/p - Grinder
Aim: Grinder, carrying a wand of flame (severely wounded, 60% to hit)
You shoot an arrow. The arrow barely misses Grinder.
Grinder gestures at you. You resist with significant effort.
Grinder gestures at you.
You suddenly lose the ability to move!
Grinder hits you.
* * * LOW HITPOINT WARNING * * *
Grinder zaps a wand.
The puff of flame hits you!
You die...
Grinder says, "Hey, I wasn't done torturing you yet!"

.........#
#.#
#######.##
#.# ##...#
#.# .#.
#....#
#.####...
#....#
#))†.....
#.####
#.###._..
#.#
#........
#.#
##.##._..⌠
#@#
##...#.....
#5#
##......._..
#.#
#...........
#.#
##.....##...
#.#
##...##.#.#
#.#
##.##.###.
..#
#####.#.#
#.# ##.##
#########


You could see Grinder.

Vanquished Creatures
  Jessica (D:2)
  3 adders (D:2)
  A dart slug (D:1)
  4 orcs (D:3)
  8 bats
  3 endoplasms
  5 goblins
  4 hobgoblins
  5 quokkas
  3 ball pythons
  2 frilled lizards
  4 kobolds
  3 rats
46 creatures vanquished.

Notes
Turn   | Place    | Note
-------+----------+-------------------------------------------
     0 | D:1      | Maxmaps the Octopode Hunter began the quest for the Orb.
     0 | D:1      | Reached XP level 1. HP: 14/14 MP: 1/1
   229 | D:1      | Reached XP level 2. HP: 16/19 MP: 2/2
   981 | D:2      | Reached XP level 3. HP: 5/25 MP: 3/3
  1292 | D:2      | Noticed Jessica
  1301 | D:2      | Killed Jessica
  1302 | D:2      | Reached XP level 4. HP: 26/32 MP: 4/4
  1520 | D:2      | Found a blossoming altar of Fedhas.
  1871 | D:3      | Found a shimmering altar of Xom.
  1914 | D:3      | Found an ancient bone altar of Kikubaaqudgha.
  1914 | D:3      | Found a basalt altar of Yredelemnul.
  1919 | D:3      | Found a shimmering blue altar of Sif Muna.
  1919 | D:3      | Found a hide-covered altar of Uskayaw.
  1920 | D:3      | Found a shadowy altar of Dithmenos.
  2002 | D:3      | Noticed Grinder
  2003 | D:3      | Paralysed by Grinder for 5 turns
  2015 | D:3      | Paralysed by Grinder for 4 turns
  2016 | D:3      | HP: 1/33 [Grinder (5)]
  2017 | D:3      | Killed from afar by Grinder

Illustrated notes

Levels and vault maps discovered:
D:1:      amcnicky_arrival_underground_garden, layout_loops_corners
D:2:      layout_rooms, basic_altar, uniq_jessica
D:3:      gammafunk_steamed_eel, layout_loops_ring, grunt_temple_overflow_open,
          nicolae_ecumenical_snake_handling, gup_sewer_entry_bowl,
          minmay_misc_feat_pillars, uniq_sigmund, uniq_grinder

Skill      XL: |  1  2  3  4 |
---------------+-------------+-----
Fighting       | 3 4 |  4.1
Ranged Weapons | |  4.6
Dodging        | |  2.1
Stealth        | |  1.3

Action                     |  1- 3 |  4- 6 || total
---------------------------+-------+-------++-------
   Fire: Shortbow          |   106 |    67 ||   173
 Armour: Skin              |    22 |    21 ||    43
  Dodge: Dodged            |    35 |    27 ||    62

Table legend: (Time is in decaauts)
 A = Elapsed time spent in this place.
 B = Non-inter-level travel time spent in this place.
 C = Inter-level travel time spent in this place.
 D = Time resting spent in this place.
 E = Time spent auto-exploring this place.
 F = Levels seen in this place.
 G = Mean time per level.
                   A        B        C        D        E       F      G
               +--------+--------+--------+--------+--------+-----+--------+
         Total |   2046 |   1897 |    149 |      5 |   1615 |   3 |  682.0 |
       Dungeon |   2046 |   1897 |    149 |      5 |   1615 |   3 |  682.0 |
               +--------+--------+--------+--------+--------+-----+--------+

Top non-repeatable levels by time:
     D:1: 951 daAuts
     D:2: 786 daAuts
     D:3: 308 daAuts
